 Dungeon Crawl Stone Soup version 0.30-a0-930-gb9d0489357 (webtiles) character file.

Game seed: 14873673888243728294

7778 DeathPants the Covert (level 11, -2/60 HPs)
             Began as a Vine Stalker Monk on Mar 23, 2023.
             Was an Initiate of Gozag.
             Killed from afar by a molten gargoyle (20 damage)
             ... with a bolt of magma
             ... on level 10 of the Dungeon.
             The game lasted 00:31:53 (8494 turns).

DeathPants the Covert (Vine Stalker Monk)           Turns: 8494, Time: 00:31:54

Health: -2/60      AC:  7    Str: 10    XL:     11   Next: 20%
Magic:  0/12       EV: 20    Int: 12    God:    Gozag
Gold:   778        SH:  0    Dex: 18    Spells: 10/10 levels left

rFire   . . .      SeeInvis .    a - +4 rapier (speed)
rCold   . . .      Faith    .    (no shield)
rNeg    . . .      Spirit   +    i - +0 leather armour
rPois   +          Reflect  .    J - +1 helmet
rElec   .          Rampage  .    (no cloak)
rCorr   +                        (no gloves)
Will    ++++.                    u - +1 pair of boots
Stlth   +++++                    m - amulet of the Lich-sworn {Regen+ Slay+5}
HPRegen 1.90/turn                y - ring of Conformity {rPois Will+++ rCorr EV+5 Str-5}
MPRegen 0.13/turn                (no ring)

@: studying Axes
A: fangs 3, regeneration 1, magic shield, antimagic bite, no potion heal 2
a: Renounce Religion, Potion Petition, Call Merchant, Bribe Branch


You were on level 10 of the Dungeon.
You worshipped Gozag.
Gozag was pleased with you.
You visited 2 branches of the dungeon, and saw 14 of its levels.
You also visited: Ossuary.

You collected 778 gold pieces.

Inventory:

Hand Weapons
 a - a +4 rapier of speed (weapon)
 b - a +2 dagger of venom
 z - a +4 scimitar
 K - a +0 rapier
Missiles
 d - 9 boomerangs
 j - 3 throwing nets (quivered)
Armour
 i - a +0 leather armour (worn)
 u - a +1 pair of boots (worn)
 J - a +1 helmet (worn)
Jewellery
 m - the amulet of the Lich-sworn (around neck) {Regen+ Slay+5}
   (You acquired it on level 4 of the Dungeon)

   [amulet of regeneration]

   Slay:      It affects your accuracy & damage with ranged weapons and melee
   (+5).
   Regen:     It increases your rate of health regeneration.
 y - the ring of Conformity (left hand) {rPois Will+++ rCorr EV+5 Str-5}
   (You acquired it on level 4 of the Dungeon)

   [ring of evasion]

   EV:        It affects your evasion (+5).
   Str:       It affects your strength (-5).
   rPois:     It protects you from poison.
   rCorr:     It protects you from acid and corrosion.
   Will:      It greatly increases your willpower.
Wands
 g - a wand of quicksilver (5)
 h - a wand of charming (2)
 B - a wand of mindburst (12)
 E - a wand of roots (7)
Scrolls
 e - 3 scrolls of fog
 k - a scroll of fear
 l - a scroll of enchant armour
 n - a scroll of immolation {unknown}
 v - a scroll of silence {unknown}
 w - a scroll of vulnerability
 x - 3 scrolls of teleportation
 D - a scroll of brand weapon {unknown}
Potions
 c - 4 potions of ambrosia
 f - 2 potions of magic
 o - 2 potions of brilliance
 p - a potion of haste
 q - 10 potions of curing
 r - a potion of cancellation {unknown}
 s - 2 potions of invisibility
 A - a potion of berserk rage
 C - 3 potions of attraction {unknown}
 F - 6 potions of lignification
 G - 4 potions of mutation {unknown}
 H - 2 potions of flight {unknown}
 I - a potion of resistance {unknown}
 L - a potion of heal wounds {unknown}
Miscellaneous
 t - a condenser vane


   Skills:
 + Level 7.8 Fighting
 * Level 9.8 Short Blades
 + Level 7.1 Dodging
 + Level 10.6 Stealth


You had 10 spell levels left.
You didn't know any spells.
Your spell library contained the following spells:

 Spells                   Type           Power      Damage    Failure   Level
 Gell's Gravitas          Tloc           0%         N/A       80%         3
 Teleport Other           Tloc           0%         N/A       80%         3
 Animate Armour           Summ/Erth      0%         N/A       99%         4
 Blade Hands              Tmut           0%         N/A       100%        5
 Freezing Cloud           Conj/Ice/Air   0%         6-21      100%        5
 Dispersal                Tloc           0%         N/A       100%        6
 Iron Shot                Conj/Erth      0%         9d1       100%        6
 Polar Vortex             Ice            0%         N/A       100%        9
 Simulacrum               Ice/Necr       Unusable   N/A       N/A         6

Dungeon Overview and Level Annotations

Branches:
Dungeon (13/15)            Temple (1/1) D:5             Orc (0/2) D:9
Ossuary (visited)
   Lair: D:8-11      Vaults: D:13-14

Altars:
Ashenzari
Cheibriados
Dithmenos
Elyvilon
Fedhas
Gozag
Hepliaklqana
Kikubaaqudgha
Makhleb
Nemelex Xobeh
Okawaru
Qazlal
Ru
Sif Muna
Trog
Uskayaw
Vehumet
Wu Jian
Xom
Yredelemnul
Zin
The Shining One

Shops:
D:2 (

Annotations:
D:3 1 runed translucent door, 12sPaWn12's ghost, amateur OgBe


Innate Abilities, Weirdness & Mutations

You have razor-sharp teeth.
Your natural rate of healing is unusually fast.
When hurt, damage is shared between your health and your magic reserves.
Your bite disrupts and absorbs the magic of your enemies.
Potions cannot restore your health.


Message History

You start resting.
Magic restored.
You climb downwards.
The molten gargoyle blasts magma at you!
The bolt of magma hits you!
There is a stone staircase leading up here.
The molten gargoyle blasts magma at you!
The bolt of magma hits you!
You closely miss the molten gargoyle.
You bite the molten gargoyle, but do no damage.
You barely miss the molten gargoyle. The molten gargoyle closely misses you.
You hit the molten gargoyle but do no damage.
You bite the molten gargoyle, but do no damage.
You hit the molten gargoyle.
You bite the molten gargoyle, but do no damage.
The molten gargoyle is lightly damaged.
The molten gargoyle barely misses you.
You hit the molten gargoyle but do no damage.
The molten gargoyle is lightly damaged.
You puncture the molten gargoyle!
The molten gargoyle is moderately damaged.
The molten gargoyle blasts magma at you!
The bolt of magma hits you!!
You closely miss the molten gargoyle.
You bite the molten gargoyle, but do no damage.
The molten gargoyle is moderately damaged.
You barely miss the molten gargoyle.
The molten gargoyle is moderately damaged.
The molten gargoyle hits you with a +0 flail.
You are engulfed in flames!
* * * LOW HITPOINT WARNING * * *
You puncture the molten gargoyle! You bite the molten gargoyle!
You drain its power.
You feel invigorated.
The molten gargoyle is almost destroyed.
You hit the molten gargoyle.
The molten gargoyle is almost destroyed.
The molten gargoyle blasts magma at you!
The bolt of magma hits you!!
You die...
Your body crumbles into a pile of gold.

...# ##.. ##.. ... .#.. #...
....o ####...# ######....#
###.....<...# .............#
.........@#..# .........9...##
..............###
#................##
#.................### .##
##...................##...#
#........>................#
#..................$.......
#####..................##......


You could see a molten gargoyle.

Vanquished Creatures
  Pikel (D:5)
  A molten gargoyle (D:10)
  An unseen horror (D:10)
  2 trolls
  A kobold demonologist (D:9)
  Prince Ribbit (D:8)
  A slime creature (D:10)
  4 wyverns
  An acid dragon (D:10)
  2 water moccasins
  A sky beast (D:7)
  8 orc warriors
  3 black bears
  3 ice beasts
  2 ogres
  2 phantoms (D:6)
  A bullfrog (D:8)
  2 gnoll sergeants
  11 scorpions
  13 wights (D:8)
  7 killer bees
  3 electric eels (D:7)
  A howler monkey (D:9)
  5 hounds
  4 orc priests
  A human zombie (Ossuary)
  A sleepcap (D:5)
  12 orc wizards
  3 iguanas (D:6)
  5 scorpion zombies (Ossuary)
  3 mummies (Ossuary)
  8 gnolls
  7 adders
  2 white imps
  2 ufetubi (D:5)
  A worm (D:5)
  A dart slug (D:1)
  44 orcs
  10 bats
  3 endoplasms
  2 giant cockroaches
  5 goblins
  5 hobgoblins
  4 jackals
  4 quokkas
  13 ball pythons
  2 frilled lizards
  2 gnoll zombies
  3 goblin zombies (Ossuary)
  3 hobgoblin zombies (Ossuary)
  7 kobolds
  2 kobold zombies (Ossuary)
  2 orc zombies (Ossuary)
  8 rats
246 creatures vanquished.

Vanquished Creatures (collateral kills)
  2 orcs (D:10)
2 creatures vanquished.

Vanquished Creatures (others)
  2 plants (D:4)
2 creatures vanquished.

Grand Total: 250 creatures vanquished

Notes
Turn   | Place    | Note
-------+----------+-------------------------------------------
     0 | D:1      | DeathPants the Vine Stalker Monk began the quest for the
                  | Orb.
     0 | D:1      | Reached XP level 1. HP: 11/11 MP: 2/2
   185 | D:1      | Reached XP level 2. HP: 16/16 MP: 3/3
   393 | D:1      | Reached skill level 3 in Stealth
   452 | D:1      | Reached XP level 3. HP: 20/20 MP: 4/4
   610 | D:1      | HP: 1/20 [poisoned by a goblin]
   711 | D:1      | Found a faded altar of an unknown god.
  1006 | D:2      | Found Xashre's Weapon Emporium.
  1327 | D:2      | Gained mutation: Your natural rate of healing is unusually
                  | fast. [Vine Stalker growth]
  1327 | D:2      | Reached XP level 4. HP: 24/24 MP: 5/5
  2025 | D:5      | Entered Level 5 of the Dungeon
  2532 | D:3      | Reached XP level 5. HP: 28/28 MP: 6/6
  2626 | D:3      | Found a runed translucent door.
  2631 | D:3      | Noticed 12sPaWn12's ghost (amateur OgBe)
  2679 | D:4      | Found a broken altar of Ashenzari.
  2681 | D:4      | Found a glowing silver altar of Zin.
  2681 | D:4      | Found an iron altar of Okawaru.
  2707 | D:4      | Reached skill level 4 in Stealth
  2826 | D:4      | Reached XP level 6. HP: 33/33 MP: 7/7
  3123 | D:4      | Identified 2 scrolls of acquirement
  3123 | D:4      | Acquired the ring of Conformity {rPois Will+++ rCorr EV+5
                  | Str-5}
  3126 | D:4      | Acquired the amulet of the Lich-sworn {Regen+ Slay+5}
  3284 | D:5      | Noticed a water moccasin
  3291 | D:5      | Killed a water moccasin
  3292 | D:5      | Reached skill level 5 in Stealth
  3296 | D:5      | Noticed a black bear
  3307 | D:5      | Killed a black bear
  3308 | D:5      | Reached XP level 7. HP: 37/37 MP: 5/8
  3392 | D:5      | Identified the +7 scimitar of Goghay {heavy, Contam Int-2
                  | Dex+9 SInv}
  3409 | D:5      | Noticed Pikel
  3422 | D:5      | Killed Pikel
  3423 | D:5      | Reached skill level 5 in Fighting
  3423 | D:5      | Reached skill level 5 in Short Blades
  3423 | D:5      | Reached skill level 6 in Stealth
  3423 | D:5      | Gained mutation: You have razor-sharp teeth. [Vine Stalker
                  | growth]
  3423 | D:5      | Reached XP level 8. HP: 31/43 MP: 9/9
  3645 | D:5      | Found a hazy altar of Hepliaklqana.
  3645 | D:5      | Found a snail-covered altar of Cheibriados.
  3687 | D:5      | Found a staircase to the Ecumenical Temple.
  3697 | Temple   | Entered the Ecumenical Temple
  3874 | D:6      | Reached skill level 7 in Stealth
  3887 | D:6      | Acquired a +3 rapier of speed
  4071 | D:6      | Reached skill level 5 in Dodging
  4077 | D:6      | Found a sand-covered staircase.
  4084 | Ossuary  | Entered an ossuary
  4171 | Ossuary  | Reached XP level 9. HP: 47/47 MP: 10/10
  4402 | Ossuary  | Reached skill level 8 in Stealth
  5544 | D:8      | Noticed a troll
  5552 | D:8      | Killed a troll
  5666 | D:7      | Identified the +0 ring mail of the Rotten Sturgeon {-Tele
                  | rElec Str+6}
  5721 | D:7      | Reached XP level 10. HP: 53/53 MP: 11/11
  5852 | D:7      | Reached skill level 9 in Stealth
  5896 | D:7      | Found a white marble altar of Elyvilon.
  6260 | D:8      | Found a shadowy altar of Dithmenos.
  6262 | D:8      | Noticed Prince Ribbit
  6270 | D:8      | Killed Prince Ribbit
  6785 | D:10     | Entered Level 10 of the Dungeon
  6785 | D:10     | You fall into a shaft and drop 3 floors!
  6859 | D:11     | Found a sacrificial altar of Ru.
  7032 | D:9      | Found a stormy altar of Qazlal.
  7246 | D:9      | Noticed a kobold demonologist
  7253 | D:9      | Noticed a rust devil
  7253 | D:9      | Killed a kobold demonologist
  7277 | D:9      | Reached skill level 10 in Stealth
  7327 | D:9      | Found an opulent altar of Gozag.
  7328 | D:9      | Found a radiant altar of Vehumet.
  7339 | D:9      | Became a worshipper of Gozag Ym Sagoz the Greedy
  7345 | D:9      | Found a burning altar of Makhleb.
  7358 | D:9      | Found a sacrificial altar of Ru.
  7361 | D:9      | Found a shimmering blue altar of Sif Muna.
  7592 | D:9      | Reached XP level 11. HP: 58/58 MP: 12/12
  7626 | D:9      | Found a staircase to the Orcish Mines.
  8101 | D:10     | Found an ancient bone altar of Kikubaaqudgha.
  8494 | D:10     | Killed from afar by a molten gargoyle

Illustrated notes

Levels and vault maps discovered:
D:1:      dpeg_arrival_pond, layout_basic,
          shapermc_ecumenical_altar_mp_ritualfount, hex_medium, minmay_unequal
D:2:      layout_basic, serial_glass, glass_columns_a, glass_columns_c,
          serial_shops, nicolae_shop_bloodbath_and_beyond
D:3:      layout_loops_ring, ebering_ghost_reflecting_pool
D:4:      layout_loops_ring, gammafunk_temple_overflow_forgotten
D:5:      layout_loops_ring, gammafunk_temple_overflow_wave,
          minmay_temple_entry_waves, kennysheep_generic_room_9, uniq_pikel
D:6:      layout_cave_pools, enter_ossuary_3, portal_sewer_entry_c,
          minmay_misc_feat_ornament, minmay_manual_maat
D:7:      layout_loops_cross, mainiacjoe_overflow_chevrons,
          kennysheep_cross_bottleneck
D:8:      layout_basic, old_standard_altar, uniq_prince_ribbit1
D:9:      layout_loops_ring, minmay_overflow_temple_star_hex,
          mainiacjoe_overflow_brackets, david_orc_4, glass_columns_a
D:10:     minmay_wavy_crystal, layout_layer_cave, lemuel_tele_altar, minivault_8
D:11:     layout_basic, lair_entry_dummy, minmay_crystal_water,
          nicolae_ru_sacrificial_ziggurat
D:12:     layout_cave_pods, uniq_lodul, uniq_jorgrun
D:13:     layout_gridville
Temple:   nicolae_temple_godpark

Skill      XL: |  1  2  3  4  5  6  7  8  9 10 11 |
---------------+----------------------------------+-----
Stealth        | 3 4 5 6 7 8 10 | 10.6
Fighting       | 3 4 5 6 7 |  7.8
Short Blades   | 3 4 5 6 7 9 |  9.8
Dodging        | 3 4 5 6 7 |  7.1

Action                     |  1- 3 |  4- 6 |  7- 9 | 10-12 || total
---------------------------+-------+-------+-------+-------++-------
  Melee: Dagger            |   148 |   130 |    18 |    15 ||   311
         Short sword       |     7 |       |    23 |       ||    30
         Bite              |    39 |    32 |    66 |    83 ||   220
         Punch             |     1 |       |     3 |     4 ||     8
         Rapier            |       |       |   149 |   234 ||   383
  Throw: Throwing net      |       |     2 |       |       ||     2
  Evoke: Wand              |       |       |       |     2 ||     2
    Use: Potion            |     1 |       |       |     2 ||     3
         Scroll            |       |     5 |    11 |     6 ||    22
   Stab: Sleeping          |     2 |     9 |    13 |    11 ||    35
         Invisible         |     1 |       |       |       ||     1
         Distracted        |       |     1 |       |       ||     1
         Held in net/web   |       |     1 |       |       ||     1
 Armour: Scale mail        |    47 |       |       |       ||    47
         Leather armour    |    10 |    25 |    12 |    14 ||    61
  Dodge: Dodged            |    79 |    59 |   102 |   131 ||   371

Table legend: (Time is in decaauts)
 A = Elapsed time spent in this place.
 B = Non-inter-level travel time spent in this place.
 C = Inter-level travel time spent in this place.
 D = Time resting spent in this place.
 E = Time spent auto-exploring this place.
 F = Levels seen in this place.
 G = Mean time per level.
                   A        B        C        D        E       F      G
               +--------+--------+--------+--------+--------+-----+--------+
         Total |   8241 |   7994 |    247 |    103 |   5450 |  15 |  549.4 |
       Dungeon |   7727 |   7496 |    231 |     60 |   5193 |  13 |  594.4 |
        Temple |    124 |    108 |     16 |      0 |     97 |   1 |  124.0 |
       Ossuary |    390 |    390 |      0 |     43 |    159 |   1 |  390.0 |
               +--------+--------+--------+--------+--------+-----+--------+

Top non-repeatable levels by time:
     D:9: 1136 daAuts
     D:1: 907 daAuts
     D:2: 863 daAuts
     D:4: 780 daAuts
     D:8: 761 daAuts
     D:6: 710 daAuts
     D:5: 695 daAuts
     D:7: 671 daAuts
     D:3: 668 daAuts
 Ossuary: 390 daAuts
    D:10: 384 daAuts
    D:11: 132 daAuts
  Temple: 124 daAuts
    D:13: 7 daAuts
    D:12: 6 daAuts
